FLORIDA vs NASHVILLE

Created - January 3, 2021 at 14:20

Goals
1 2 3 T
FLORIDA 1 1 0 2
NASHVILLE 2 1 0 3
Shots
1 2 3 T
FLORIDA 7 9 11 27
NASHVILLE 12 9 8 29

1st period

1. FLORIDA , Martin Necas 1 (Dante Fabbro 3, Patrick Marleau 1) at 1:58 (PP)
2. NASHVILLE , Bobby Ryan 1 (Jeremy Lauzon 1) at 2:36
3. NASHVILLE , Sean Monahan 1 (Jared McCann 1, Brian Dumoulin 1) at 10:39

Penalties :
Jared McCann (NSH) for Roughing (Minor) at 1:36, Adam Lowry (FLA) for Hooking (Minor) at 7:40

2nd period

4. FLORIDA , Dante Fabbro 1 (Nate Schmidt 1, Ryan Donato 1) at 10:02 (PP)
5. NASHVILLE , Sean Monahan 2 (Brian Dumoulin 2, Tage Thompson 1) at 14:36

Penalties :
Adam Larsson (NSH) for Interference (Minor) at 8:07, Dante Fabbro (FLA) for Tripping (Minor) at 16:12

3rd period

No Goal

Penalties :
Nicolas Hague (NSH) for Roughing (Minor) at 0:48, Marc Staal (FLA) for Holding (Minor) at 3:26, Nicolas Hague (NSH) for Tripping (Minor) at 6:51, Joe Thornton (FLA) for Holding (Minor) at 6:51, Paul Byron (NSH) for Holding (Minor) at 15:32

Goalie Stats

Jimmy Howard (FLA), 26 saves from 29 shots - (0.897), L, 1-1-0, 60:00 minutes
Henrik Lundqvist (NSH), 25 saves from 27 shots - (0.926), W, 1-0-0, 60:00 minutes

Players Stats for FLORIDA

Player Name              G  A  P  +/- PIM S  H  SB GA TA FO     MP     PP MP  PK MP  
------------------------------------------------------------------------------------
Adam Lowry               0  0  0   0  2   0  4  1  0  0  7/14   14:40   0:11   2:19 
Alex Galchenyuk          0  0  0   0  0   3  1  0  0  0  0/1    14:50   2:39   0:00 
Brett Ritchie            0  0  0  -2  0   0  2  0  0  0  0/0     9:52   0:00   0:00 
Craig Smith              0  0  0   0  0   3  1  0  0  0  0/0    14:50   2:39   0:00 
Dante Fabbro             1  1  2   0  2   1  2  0  0  0  0/0    20:53   3:22   1:33 
Drake Batherson          0  0  0  -2  0   2  0  0  0  0  7/15   12:26   1:07   1:02 
Joakim Nordstrom         0  0  0  -1  0   2  1  0  0  0  0/0     8:43   0:00   0:00 
Joe Thornton             0  0  0   0  2   0  0  0  0  0  12/27  19:59   2:39   2:18 
Justin Schultz           0  0  0  -1  0   0  0  0  0  0  0/0    15:00   0:11   0:45 
Marc Staal               0  0  0  -2  2   2  2  0  0  0  0/0    19:32   0:22   1:26 
Markus Granlund          0  0  0  -2  0   0  0  1  0  0  0/1    10:14   0:22   0:00 
Martin Necas             1  0  1   0  0   4  2  0  0  0  0/2    22:10   3:02   2:31 
Micheal Ferland          0  0  0  -1  0   1  1  0  0  0  0/0    10:01   0:00   1:18 
Nate Schmidt             0  1  1  -2  0   4  0  0  0  0  0/0    24:31   3:22   2:22 
Patrick Marleau          0  1  1   0  0   2  0  0  0  0  0/0    20:35   2:41   2:26 
Radim Simek              0  0  0  -1  0   0  3  1  0  0  0/0    18:32   2:31   2:58 
Ryan Donato              0  1  1  -1  0   3  1  0  0  0  9/20   13:42   3:25   0:00 
Shayne Gostisbehere      0  0  0   0  0   0  0  2  0  0  0/0    21:30   2:42   2:50 

Players Stats for NASHVILLE

Player Name              G  A  P  +/- PIM S  H  SB GA TA FO     MP     PP MP  PK MP  
------------------------------------------------------------------------------------
Adam Larsson             0  0  0   0  2   0  1  1  0  0  0/0    20:51   3:15   1:37 
Alex Chiasson            0  0  0   0  0   1  2  0  0  0  1/3    19:33   2:58   0:00 
Andrew Peeke             0  0  0   1  0   1  0  0  0  0  0/0    16:33   0:00   2:51 
Bobby Ryan               1  0  1   1  0   5  4  0  0  0  2/3    14:24   0:00   1:34 
Brian Dumoulin           0  2  2   2  0   0  0  4  0  0  0/0    20:16   2:42   3:23 
Connor Carrick           0  0  0   0  0   0  0  0  0  0  0/0     4:15   0:00   0:20 
Devin Shore              0  0  0   0  0   0  1  0  0  0  0/0     2:38   1:06   1:29 
J.T. Compher             0  0  0   0  0   3  0  0  0  0  10/15  21:00   2:58   0:34 
Jared McCann             0  1  1   1  2   2  2  1  0  0  2/5    18:09   2:59   0:34 
Jason Dickinson          0  0  0   1  0   3  2  1  0  0  11/18  15:36   1:06   1:40 
Jeremy Lauzon            0  1  1   1  0   1  2  1  0  0  0/0    15:08   0:06   0:00 
Jimmy Vesey              0  0  0   0  0   0  2  0  0  0  1/2    19:33   2:58   0:00 
Morgan Rielly            0  0  0   0  0   2  0  5  0  0  0/0    24:58   3:15   2:18 
Nicolas Hague            0  0  0   2  4   0  2  1  0  0  0/0    17:56   2:36   2:01 
Nolan Patrick            0  0  0   2  0   1  1  0  0  0  4/8    15:30   0:00   0:00 
Paul Byron               0  0  0   1  2   4  4  0  0  0  0/0    19:43   1:53   3:01 
Sean Monahan             2  0  2   2  0   5  0  0  0  0  14/25  22:58   1:53   3:38 
Tage Thompson            0  1  1   1  0   1  1  0  0  0  0/1     2:40   0:00   0:00 

3 Stars

1 - Sean Monahan (NSH)
2 - Bobby Ryan (NSH)
3 - Brian Dumoulin (NSH)

Power Play

FLORIDA - 2 on 4 Attempt(s) - 50.00%
NASHVILLE - 0 on 3 Attempt(s) - 0.00%

Penalty Kill

FLORIDA - 3 on 3 Attempt(s) - 100.00% - Score 0 goal in Penalty Kill
NASHVILLE - 2 on 4 Attempt(s) - 50.00% - Score 0 goal in Penalty Kill

Team Stat

FLORIDA - Hits : 20 - Faceoff Wins : 35 - Blocked Shots : 5 - Penalty Minutes : 8
NASHVILLE - Hits : 24 - Faceoff Wins : 45 - Blocked Shots : 14 - Penalty Minutes : 10

Official

Referees : Frederick L'Ecuyer and Mike Campbell
Linesman : Bryan Pancich and Andrew Smith

Game Notes

No Game Note

Finance

Level 1 -- Attendance: 3980 (66.33%) -- Ticket Income $398,000
Level 2 -- Attendance: 3578 (71.56%) -- Ticket Income $214,680
Level 3 -- Attendance: 1991 (99.55%) -- Ticket Income $69,685
Level 4 -- Attendance: 2616 (65.40%) -- Ticket Income $65,400
Luxury Box -- Attendance: 698 (69.80%) -- Ticket Income $139,600
Game was played at the Bridgestone Arena.
Total Attendance: 12863 (71.46%)
Total Ticket Income: $887,365
Total Income: $887,365

FLORIDA

5 vs 5 Forward 
   Center                   Left Wing                Right Wing               Time % Phy DF OF 
 1 Joe Thornton             Patrick Marleau          Martin Necas             35     0   0  5  
 2 Adam Lowry               Alex Galchenyuk          Craig Smith              30     0   0  5  
 3 Ryan Donato              Micheal Ferland          Joakim Nordstrom         20     0   0  5  
 4 Drake Batherson          Markus Granlund          Brett Ritchie            15     0   0  5  

5 vs 5 Defense 
   Defense                  Defense                                           Time % Phy DF OF 
 1 Marc Staal               Nate Schmidt                                      40     3   1  1  
 2 Dante Fabbro             Shayne Gostisbehere                               35     3   1  1  
 3 Radim Simek              Justin Schultz                                    20     3   1  1  
 4 Dante Fabbro             Nate Schmidt                                      5      3   1  1  

PowerPlay Forward 
   Center                   Left Wing                Right Wing               Time % Phy DF OF 
 1 Ryan Donato              Patrick Marleau          Martin Necas             60     0   0  5  
 2 Joe Thornton             Alex Galchenyuk          Craig Smith              40     0   0  5  

PowerPlay Defense
   Defense                  Defense                                           Time % Phy DF OF 
 1 Dante Fabbro             Nate Schmidt                                      60     0   0  5  
 2 Shayne Gostisbehere      Radim Simek                                       40     0   0  5  

Penalty Kill 4 Players Forward 
   Center                   Wing                     Time % Phy DF OF 
 1 Adam Lowry               Martin Necas             60     2   3  0  
 2 Joe Thornton             Patrick Marleau          40     2   3  0  

Penalty Kill 4 Players Defense
   Defense                  Defense                  Time % Phy DF OF 
 1 Dante Fabbro             Nate Schmidt             60     2   3  0  
 2 Shayne Gostisbehere      Radim Simek              40     2   3  0  

Penalty Kill - 3 Players Forward 
   Forward                                           Time % Phy DF OF 
 1 Adam Lowry                                        60     2   3  0  
 2 Martin Necas                                      40     2   3  0  

Penalty Kill - 3 Players Defense
   Defense                  Defense                  Time % Phy DF OF 
 1 Dante Fabbro             Nate Schmidt             60     2   3  0  
 2 Justin Schultz           Radim Simek              40     2   3  0  

4 vs 4 Forward 
   Center                   Wing                     Time % Phy DF OF 
 1 Ryan Donato              Martin Necas             60     1   2  2  
 2 Joe Thornton             Patrick Marleau          40     1   2  2  

4 vs 4 Defense
   Defense                  Defense                  Time % Phy DF OF 
 1 Dante Fabbro             Nate Schmidt             60     1   2  2  
 2 Shayne Gostisbehere      Radim Simek              40     1   2  2  

Last Minutes Offensive
   Center                   Left Wing                Right Wing               Defense                  Defense                  
   Joe Thornton             Patrick Marleau          Martin Necas             Dante Fabbro             Nate Schmidt             

Last Minutes Defensive
   Center                   Left Wing                Right Wing               Defense                  Defense                  
   Joe Thornton             Patrick Marleau          Martin Necas             Dante Fabbro             Nate Schmidt             

Goaltenders
Starting : Jimmy Howard             
Backup : Marc-Andre Fleury        

Extra Forwards
Normal : Drake Batherson, Markus Granlund, Martin Necas - PP : Drake Batherson, Markus Granlund - PK : Martin Necas
Extra Defensemen
Normal : Justin Schultz, Radim Simek, Nate Schmidt - PP : Nate Schmidt - PK : Shayne Gostisbehere, Nate Schmidt
Penalty Shots
Drake Batherson, Martin Necas, Ryan Donato, Patrick Marleau, Nate Schmidt

Scratches
Ilya Lyubushkin (Healthy), FLA Cap Hit (Suspend), Denis Malgin (Healthy)

NASHVILLE

5 vs 5 Forward 
   Center                   Left Wing                Right Wing               Time % Phy DF OF 
 1 Sean Monahan             Paul Byron               Jared McCann             35     1   2  2  
 2 J.T. Compher             Jimmy Vesey              Alex Chiasson            30     1   2  2  
 3 Jason Dickinson          Nolan Patrick            Bobby Ryan               25     1   2  2  
 4 Nolan Patrick            Sean Monahan             Tage Thompson            10     1   2  2  

5 vs 5 Defense 
   Defense                  Defense                                           Time % Phy DF OF 
 1 Morgan Rielly            Adam Larsson                                      35     1   2  2  
 2 Brian Dumoulin           Nicolas Hague                                     30     1   2  2  
 3 Jeremy Lauzon            Andrew Peeke                                      25     1   2  2  
 4 Connor Carrick           Morgan Rielly                                     10     1   2  2  

PowerPlay Forward 
   Center                   Left Wing                Right Wing               Time % Phy DF OF 
 1 Sean Monahan             Paul Byron               Jared McCann             60     1   2  2  
 2 J.T. Compher             Jimmy Vesey              Alex Chiasson            40     1   2  2  

PowerPlay Defense
   Defense                  Defense                                           Time % Phy DF OF 
 1 Morgan Rielly            Adam Larsson                                      60     1   2  2  
 2 Brian Dumoulin           Nicolas Hague                                     40     1   2  2  

Penalty Kill 4 Players Forward 
   Center                   Wing                     Time % Phy DF OF 
 1 Sean Monahan             Paul Byron               60     1   2  2  
 2 Jared McCann             J.T. Compher             40     1   2  2  

Penalty Kill 4 Players Defense
   Defense                  Defense                  Time % Phy DF OF 
 1 Morgan Rielly            Adam Larsson             60     1   2  2  
 2 Brian Dumoulin           Nicolas Hague            40     1   2  2  

Penalty Kill - 3 Players Forward 
   Forward                                           Time % Phy DF OF 
 1 Sean Monahan                                      60     1   2  2  
 2 Paul Byron                                        40     1   2  2  

Penalty Kill - 3 Players Defense
   Defense                  Defense                  Time % Phy DF OF 
 1 Morgan Rielly            Adam Larsson             60     1   2  2  
 2 Brian Dumoulin           Nicolas Hague            40     1   2  2  

4 vs 4 Forward 
   Center                   Wing                     Time % Phy DF OF 
 1 Sean Monahan             Paul Byron               60     1   2  2  
 2 Jared McCann             J.T. Compher             40     1   2  2  

4 vs 4 Defense
   Defense                  Defense                  Time % Phy DF OF 
 1 Morgan Rielly            Adam Larsson             60     1   2  2  
 2 Brian Dumoulin           Nicolas Hague            40     1   2  2  

Last Minutes Offensive
   Center                   Left Wing                Right Wing               Defense                  Defense                  
   Sean Monahan             Paul Byron               Jared McCann             Morgan Rielly            Adam Larsson             

Last Minutes Defensive
   Center                   Left Wing                Right Wing               Defense                  Defense                  
   Sean Monahan             Paul Byron               Jared McCann             Morgan Rielly            Adam Larsson             

Goaltenders
Starting : Henrik Lundqvist         
Backup : Devan Dubnyk             

Extra Forwards
Normal : Devin Shore, Jason Dickinson, Bobby Ryan - PP : Devin Shore, Jason Dickinson - PK : Bobby Ryan
Extra Defensemen
Normal : Jeremy Lauzon, Andrew Peeke, Connor Carrick - PP : Jeremy Lauzon - PK : Andrew Peeke, Connor Carrick
Penalty Shots
Sean Monahan, Paul Byron, Jared McCann, J.T. Compher, Jimmy Vesey

Scratches
Alexander Barabanov (Healthy), Alex Petrovic (Healthy), Josh Leivo (Healthy), Joonas Korpisalo (Healthy), NSH Cap Hit (Suspend)

% Time on Ice - FLORIDA

Lines # - Real PCT - Wanted PCT - Time Play
Normal Forward
1 - 33% - 35% - 15:03
2 - 27% - 30% - 12:11
3 - 19% - 20% - 8:43
4 - 22% - 15% - 9:52
Normal Defense
1 - 39% - 40% - 17:39
2 - 32% - 35% - 14:32
3 - 28% - 20% - 12:54
4 - 2% - 5% - 0:44
PP Forward
1 - 58% - 60% - 3:36
2 - 42% - 40% - 2:39
PP Defense
1 - 57% - 60% - 3:33
2 - 43% - 40% - 2:42
PK Forward
1 - 83% - 60% - 4:57
2 - 17% - 40% - 1:00
PK Defense
1 - 61% - 60% - 3:37
2 - 39% - 40% - 2:20
PK3 Forward
1 - 0% - 60%
2 - 0% - 40%
PK3 Defense
1 - 0% - 60%
2 - 0% - 40%
44 Forward
1 - 79% - 60% - 1:34
2 - 21% - 40% - 0:25
44 Defense
1 - 50% - 60% - 0:59
2 - 50% - 40% - 1:00
Last Minute Offensive  - 0:00
Last Minute Defensive  - 0:00
Total
Forward - 60:00
Defense - 60:00

% Time on Ice - NASHVILLE

Lines # - Real PCT - Wanted PCT - Time Play
Normal Forward
1 - 29% - 35% - 13:14
2 - 37% - 30% - 16:35
3 - 28% - 25% - 12:50
4 - 6% - 10% - 2:40
Normal Defense
1 - 33% - 35% - 14:51
2 - 29% - 30% - 13:21
3 - 30% - 25% - 13:42
4 - 8% - 10% - 3:25
PP Forward
1 - 50% - 60% - 2:59
2 - 50% - 40% - 2:58
PP Defense
1 - 55% - 60% - 3:15
2 - 45% - 40% - 2:42
PK Forward
1 - 91% - 60% - 5:41
2 - 9% - 40% - 0:34
PK Defense
1 - 46% - 60% - 2:52
2 - 54% - 40% - 3:23
PK3 Forward
1 - 0% - 60%
2 - 0% - 40%
PK3 Defense
1 - 0% - 60%
2 - 0% - 40%
44 Forward
1 - 55% - 60% - 1:06
2 - 45% - 40% - 0:53
44 Defense
1 - 58% - 60% - 1:09
2 - 42% - 40% - 0:50
Last Minute Offensive  - 0:00
Last Minute Defensive  - 0:30
Total
Forward - 60:00
Defense - 60:00

Play-by-Play

1st period


0:01 of 1st period - Joe Thornton wins face-off versus Sean Monahan in neutral zone.
0:08 of 1st period - Shot by Patrick Marleau.
0:08 of 1st period - Stopped by Henrik Lundqvist with a rebound.
0:10 of 1st period - Shot by Martin Necas.
0:10 of 1st period - Shot Misses the Net.
0:12 of 1st period - Shot by Martin Necas.
0:12 of 1st period - Shot Blocked by Morgan Rielly.
0:14 of 1st period - Shot by Patrick Marleau.
0:14 of 1st period - Shot Blocked by Morgan Rielly.
0:16 of 1st period - Shot by Martin Necas.
0:16 of 1st period - Stopped by Henrik Lundqvist without a rebound.
0:17 of 1st period - J.T. Compher wins face-off versus Adam Lowry in NASHVILLE zone.
0:17 of 1st period - J.T. Compher is hit by Adam Lowry.
0:47 of 1st period - Nicolas Hague is hit by Adam Lowry and loses puck.
1:14 of 1st period - Nolan Patrick is hit by Micheal Ferland and loses puck.
1:33 of 1st period - Shot by Bobby Ryan.
1:33 of 1st period - Stopped by Jimmy Howard without a rebound.
1:34 of 1st period - Sean Monahan wins face-off versus Joe Thornton in FLORIDA zone.
1:36 of 1st period - Minor Penalty to Jared McCann for Roughing.
1:37 of 1st period - Ryan Donato wins face-off versus Sean Monahan in NASHVILLE zone.
1:46 of 1st period - Shot by Martin Necas.
1:46 of 1st period - Shot Blocked by Adam Larsson.
1:54 of 1st period - Shot by Martin Necas.
1:54 of 1st period - Shot Blocked by Morgan Rielly.
1:56 of 1st period - Shot by Dante Fabbro.
1:56 of 1st period - Shot Misses the Net.
1:58 of 1st period - Shot by Martin Necas.
1:58 of 1st period - Goal by Martin Necas - FLORIDA : 1 - NASHVILLE : 0.
1:59 of 1st period - Jason Dickinson wins face-off versus Drake Batherson in neutral zone.
2:14 of 1st period - Shot by Brett Ritchie.
2:14 of 1st period - Shot Blocked by Jason Dickinson.
2:36 of 1st period - Shot by Bobby Ryan.
2:36 of 1st period - Goal by Bobby Ryan - FLORIDA : 1 - NASHVILLE : 1.
2:37 of 1st period - Sean Monahan wins face-off versus Martin Necas in neutral zone.
2:41 of 1st period - Off-side.
2:42 of 1st period - Joe Thornton wins face-off versus Sean Monahan in neutral zone.
2:51 of 1st period - Shot by Martin Necas.
2:51 of 1st period - Shot Misses the Net.
3:08 of 1st period - Shot by Martin Necas.
3:08 of 1st period - Shot Misses the Net.
3:22 of 1st period - Shot by Paul Byron.
3:22 of 1st period - Stopped by Jimmy Howard without a rebound.
3:23 of 1st period - Adam Lowry wins face-off versus Alex Chiasson in FLORIDA zone.
4:54 of 1st period - Icing by Morgan Rielly.
4:55 of 1st period - Jason Dickinson wins face-off versus Joe Thornton in NASHVILLE zone.
5:14 of 1st period - Shot by Nolan Patrick.
5:14 of 1st period - Deflect By Jason Dickinson.
5:14 of 1st period - Shot Misses the Net.
5:16 of 1st period - Shot by Jason Dickinson.
5:16 of 1st period - Shot Misses the Net.
6:14 of 1st period - Shot by Craig Smith.
6:14 of 1st period - Stopped by Henrik Lundqvist without a rebound.
6:15 of 1st period - J.T. Compher wins face-off versus Markus Granlund in NASHVILLE zone.
6:46 of 1st period - Shot by J.T. Compher.
6:46 of 1st period - Stopped by Jimmy Howard without a rebound.
6:47 of 1st period - Jason Dickinson wins face-off versus Joe Thornton in FLORIDA zone.
6:54 of 1st period - Shot by Bobby Ryan.
6:54 of 1st period - Shot Misses the Net.
6:56 of 1st period - Shot by Jason Dickinson.
6:56 of 1st period - Shot Misses the Net.
7:18 of 1st period - Shot by Nolan Patrick.
7:18 of 1st period - Shot Misses the Net.
7:40 of 1st period - Minor Penalty to Adam Lowry for Hooking.
7:41 of 1st period - Drake Batherson wins face-off versus J.T. Compher in FLORIDA zone.
8:03 of 1st period - J.T. Compher is hit by Dante Fabbro and loses puck.
9:45 of 1st period - Shot by Jason Dickinson.
9:45 of 1st period - Stopped by Jimmy Howard without a rebound.
9:46 of 1st period - Adam Lowry wins face-off versus Jason Dickinson in FLORIDA zone.
10:12 of 1st period - Shot by Alex Galchenyuk.
10:12 of 1st period - Stopped by Henrik Lundqvist without a rebound.
10:13 of 1st period - Drake Batherson wins face-off versus Sean Monahan in NASHVILLE zone.
10:28 of 1st period - Nate Schmidt is hit by Paul Byron and loses puck.
10:32 of 1st period - Brett Ritchie is hit by Paul Byron and loses puck.
10:39 of 1st period - Shot by Sean Monahan.
10:39 of 1st period - Goal by Sean Monahan - FLORIDA : 1 - NASHVILLE : 2.
10:40 of 1st period - Jason Dickinson wins face-off versus Ryan Donato in neutral zone.
10:45 of 1st period - Shot by Jason Dickinson.
10:45 of 1st period - Stopped by Jimmy Howard with a rebound.
10:50 of 1st period - Justin Schultz is hit by Bobby Ryan and loses puck.
11:01 of 1st period - Shot by Ryan Donato.
11:01 of 1st period - Stopped by Henrik Lundqvist without a rebound.
11:02 of 1st period - Joe Thornton wins face-off versus J.T. Compher in NASHVILLE zone.
11:15 of 1st period - Shot by Morgan Rielly.
11:15 of 1st period - Shot Misses the Net.
11:33 of 1st period - Nate Schmidt is hit by Jimmy Vesey.
12:04 of 1st period - Brian Dumoulin is hit by Alex Galchenyuk and loses puck.
12:16 of 1st period - Icing by Sean Monahan.
12:17 of 1st period - Sean Monahan wins face-off versus Ryan Donato in NASHVILLE zone.
12:33 of 1st period - Off-side.
12:34 of 1st period - Drake Batherson wins face-off versus Jason Dickinson in neutral zone.
12:34 of 1st period - Shayne Gostisbehere is hit by Jason Dickinson.
12:40 of 1st period - Shot by Bobby Ryan.
12:40 of 1st period - Stopped by Jimmy Howard without a rebound.
12:41 of 1st period - Joe Thornton wins face-off versus Jason Dickinson in FLORIDA zone.
12:41 of 1st period - Martin Necas is hit by Bobby Ryan and loses puck.
12:57 of 1st period - Morgan Rielly is hit by Dante Fabbro and loses puck.
13:05 of 1st period - Patrick Marleau is hit by Bobby Ryan.
13:30 of 1st period - Morgan Rielly is hit by Marc Staal and loses puck.
14:33 of 1st period - Brian Dumoulin is hit by Joakim Nordstrom and loses puck.
14:41 of 1st period - Off-side.
14:42 of 1st period - Drake Batherson wins face-off versus Jimmy Vesey in neutral zone.
14:48 of 1st period - Markus Granlund is hit by Adam Larsson and loses puck.
14:57 of 1st period - Shot by J.T. Compher.
14:57 of 1st period - Stopped by Jimmy Howard without a rebound.
14:58 of 1st period - Bobby Ryan wins face-off versus Martin Necas in FLORIDA zone.
15:27 of 1st period - Martin Necas is hit by Nicolas Hague and loses puck.
16:11 of 1st period - Shot by Craig Smith.
16:11 of 1st period - Shot Misses the Net.
16:17 of 1st period - Shot by Alex Galchenyuk.
16:17 of 1st period - Deflect By Adam Lowry.
16:17 of 1st period - Shot Misses the Net.
16:19 of 1st period - Shot by Adam Lowry.
16:19 of 1st period - Deflect By Alex Galchenyuk.
16:19 of 1st period - Stopped by Henrik Lundqvist with a rebound.
17:24 of 1st period - Shot by Paul Byron.
17:24 of 1st period - Stopped by Jimmy Howard with a rebound.
17:56 of 1st period - Shot by Jason Dickinson.
17:56 of 1st period - Stopped by Jimmy Howard without a rebound.
17:57 of 1st period - Drake Batherson wins face-off versus Nolan Patrick in FLORIDA zone.
17:57 of 1st period - Drake Batherson is hit by Tage Thompson.
18:02 of 1st period - Off-side.
18:03 of 1st period - Nolan Patrick wins face-off versus Joe Thornton in neutral zone.
18:30 of 1st period - Shot by Tage Thompson.
18:30 of 1st period - Stopped by Jimmy Howard without a rebound.
18:31 of 1st period - J.T. Compher wins face-off versus Adam Lowry in FLORIDA zone.
19:07 of 1st period - Icing by Jeremy Lauzon.
19:08 of 1st period - J.T. Compher wins face-off versus Joe Thornton in NASHVILLE zone.
19:29 of 1st period - Off-side.
19:30 of 1st period - Sean Monahan wins face-off versus Drake Batherson in neutral zone.
19:33 of 1st period - Justin Schultz is hit by Paul Byron and loses puck.
19:42 of 1st period - Shot by Morgan Rielly.
19:42 of 1st period - Shot Blocked by Radim Simek.
19:45 of 1st period - Paul Byron is hit by Radim Simek and loses puck.
Goals for this period are 1 for FLORIDA vs 2 for NASHVILLE.
Shots for this period are 7 for FLORIDA vs 12 for NASHVILLE.

2nd period


0:01 of 2nd period - Sean Monahan wins face-off versus Joe Thornton in neutral zone.
0:08 of 2nd period - Shot by Sean Monahan.
0:08 of 2nd period - Stopped by Jimmy Howard without a rebound.
0:09 of 2nd period - Adam Lowry wins face-off versus Nolan Patrick in FLORIDA zone.
0:30 of 2nd period - Shot by Nate Schmidt.
0:30 of 2nd period - Stopped by Henrik Lundqvist without a rebound.
0:31 of 2nd period - J.T. Compher wins face-off versus Joe Thornton in NASHVILLE zone.
1:49 of 2nd period - Shot by Craig Smith.
1:49 of 2nd period - Deflect By Alex Galchenyuk.
1:49 of 2nd period - Shot Blocked by Jared McCann.
1:51 of 2nd period - Shot by Adam Lowry.
1:51 of 2nd period - Shot Misses the Net.
1:53 of 2nd period - Shot by Marc Staal.
1:53 of 2nd period - Stopped by Henrik Lundqvist without a rebound.
1:54 of 2nd period - Ryan Donato wins face-off versus Nolan Patrick in NASHVILLE zone.
1:57 of 2nd period - Shot by Ryan Donato.
1:57 of 2nd period - Stopped by Henrik Lundqvist without a rebound.
1:58 of 2nd period - Sean Monahan wins face-off versus Ryan Donato in NASHVILLE zone.
2:33 of 2nd period - Shot by Paul Byron.
2:33 of 2nd period - Stopped by Jimmy Howard without a rebound.
2:34 of 2nd period - Jason Dickinson wins face-off versus Joe Thornton in FLORIDA zone.
3:02 of 2nd period - Joe Thornton is hit by Jeremy Lauzon and loses puck.
3:39 of 2nd period - Shayne Gostisbehere is hit by Jeremy Lauzon.
3:43 of 2nd period - Shot by Craig Smith.
3:43 of 2nd period - Shot Misses the Net.
3:53 of 2nd period - Shot by Alex Galchenyuk.
3:53 of 2nd period - Stopped by Henrik Lundqvist without a rebound.
3:54 of 2nd period - Sean Monahan wins face-off versus Drake Batherson in NASHVILLE zone.
4:18 of 2nd period - Morgan Rielly is hit by Radim Simek.
4:23 of 2nd period - Jared McCann is hit by Radim Simek.
4:31 of 2nd period - Shot by Paul Byron.
4:31 of 2nd period - Shot Misses the Net.
4:33 of 2nd period - Shot by Morgan Rielly.
4:33 of 2nd period - Stopped by Jimmy Howard without a rebound.
4:34 of 2nd period - J.T. Compher wins face-off versus Joe Thornton in FLORIDA zone.
5:36 of 2nd period - Shot by Sean Monahan.
5:36 of 2nd period - Stopped by Jimmy Howard without a rebound.
5:37 of 2nd period - Nolan Patrick wins face-off versus Ryan Donato in FLORIDA zone.
6:21 of 2nd period - Icing by Shayne Gostisbehere.
6:22 of 2nd period - Jared McCann wins face-off versus Ryan Donato in FLORIDA zone.
6:31 of 2nd period - Shot by Jeremy Lauzon.
6:31 of 2nd period - Shot Blocked by Shayne Gostisbehere.
6:48 of 2nd period - Dante Fabbro is hit by Paul Byron and loses puck.
7:09 of 2nd period - Shot by Alex Galchenyuk.
7:09 of 2nd period - Shot Misses the Net.
7:13 of 2nd period - Shot by Craig Smith.
7:13 of 2nd period - Stopped by Henrik Lundqvist without a rebound.
7:14 of 2nd period - J.T. Compher wins face-off versus Drake Batherson in NASHVILLE zone.
7:14 of 2nd period - Alex Chiasson is hit by Brett Ritchie and loses puck.
7:25 of 2nd period - Nate Schmidt is hit by Alex Chiasson and loses puck.
8:07 of 2nd period - Minor Penalty to Adam Larsson for Interference.
8:08 of 2nd period - Joe Thornton wins face-off versus Bobby Ryan in NASHVILLE zone.
8:09 of 2nd period - Shot by Radim Simek.
8:09 of 2nd period - Shot Misses the Net.
9:16 of 2nd period - Nate Schmidt is hit by Devin Shore and loses puck.
9:50 of 2nd period - Icing by Markus Granlund.
9:51 of 2nd period - Jared McCann wins face-off versus Drake Batherson in FLORIDA zone.
9:54 of 2nd period - Shot by Jared McCann.
9:54 of 2nd period - Stopped by Jimmy Howard without a rebound.
9:55 of 2nd period - Ryan Donato wins face-off versus Jared McCann in FLORIDA zone.
10:00 of 2nd period - Shot by Nate Schmidt.
10:00 of 2nd period - Shot Misses the Net.
10:02 of 2nd period - Shot by Dante Fabbro.
10:02 of 2nd period - Goal by Dante Fabbro - FLORIDA : 2 - NASHVILLE : 2.
10:03 of 2nd period - Jimmy Vesey wins face-off versus Drake Batherson in neutral zone.
10:17 of 2nd period - Shot by Markus Granlund.
10:17 of 2nd period - Shot Misses the Net.
10:19 of 2nd period - Shot by Drake Batherson.
10:19 of 2nd period - Shot Misses the Net.
10:48 of 2nd period - J.T. Compher is hit by Adam Lowry and loses puck.
11:04 of 2nd period - Icing by Andrew Peeke.
11:05 of 2nd period - Joe Thornton wins face-off versus J.T. Compher in NASHVILLE zone.
11:23 of 2nd period - Icing by Dante Fabbro.
11:24 of 2nd period - Sean Monahan wins face-off versus Joe Thornton in FLORIDA zone.
11:31 of 2nd period - Shot by Jared McCann.
11:31 of 2nd period - Shot Misses the Net.
11:33 of 2nd period - Shot by Paul Byron.
11:33 of 2nd period - Stopped by Jimmy Howard without a rebound.
11:34 of 2nd period - Bobby Ryan wins face-off versus Adam Lowry in FLORIDA zone.
11:45 of 2nd period - Shot by Bobby Ryan.
11:45 of 2nd period - Stopped by Jimmy Howard without a rebound.
11:46 of 2nd period - Sean Monahan wins face-off versus Joe Thornton in FLORIDA zone.
11:59 of 2nd period - Icing by Dante Fabbro.
12:00 of 2nd period - Jason Dickinson wins face-off versus Joe Thornton in FLORIDA zone.
12:03 of 2nd period - Shot by Nolan Patrick.
12:03 of 2nd period - Stopped by Jimmy Howard with a rebound.
13:20 of 2nd period - Shot by Nate Schmidt.
13:20 of 2nd period - Stopped by Henrik Lundqvist with a rebound.
13:25 of 2nd period - Jared McCann is hit by Adam Lowry and loses puck.
14:00 of 2nd period - Joakim Nordstrom is hit by Alex Chiasson.
14:36 of 2nd period - Shot by Sean Monahan.
14:36 of 2nd period - Goal by Sean Monahan - FLORIDA : 2 - NASHVILLE : 3.
14:37 of 2nd period - Joe Thornton wins face-off versus Jason Dickinson in neutral zone.
14:37 of 2nd period - Dante Fabbro is hit by Bobby Ryan and loses puck.
14:58 of 2nd period - Shot by Patrick Marleau.
14:58 of 2nd period - Deflect By Martin Necas.
14:58 of 2nd period - Stopped by Henrik Lundqvist without a rebound.
14:59 of 2nd period - Drake Batherson wins face-off versus Sean Monahan in NASHVILLE zone.
15:34 of 2nd period - Nate Schmidt is hit by Jared McCann and loses puck.
16:01 of 2nd period - Shot by Jimmy Vesey.
16:01 of 2nd period - Shot Misses the Net.
16:12 of 2nd period - Minor Penalty to Dante Fabbro for Tripping.
16:13 of 2nd period - Adam Lowry wins face-off versus Sean Monahan in FLORIDA zone.
16:29 of 2nd period - Icing by Sean Monahan.
16:30 of 2nd period - Sean Monahan wins face-off versus Adam Lowry in NASHVILLE zone.
17:37 of 2nd period - Icing by Morgan Rielly.
17:38 of 2nd period - Adam Lowry wins face-off versus Sean Monahan in NASHVILLE zone.
18:18 of 2nd period - Jason Dickinson is hit by Brett Ritchie and loses puck.
18:31 of 2nd period - Shot by Drake Batherson.
18:31 of 2nd period - Stopped by Henrik Lundqvist without a rebound.
18:32 of 2nd period - Ryan Donato wins face-off versus Jason Dickinson in NASHVILLE zone.
19:30 of 2nd period - Shot by Drake Batherson.
19:30 of 2nd period - Shot Misses the Net.
Goals for this period are 1 for FLORIDA vs 1 for NASHVILLE.
Shots for this period are 9 for FLORIDA vs 9 for NASHVILLE.

3rd period


0:01 of 3rd period - Adam Lowry wins face-off versus Sean Monahan in neutral zone.
0:30 of 3rd period - Shot by Craig Smith.
0:30 of 3rd period - Stopped by Henrik Lundqvist without a rebound.
0:31 of 3rd period - Jason Dickinson wins face-off versus Joe Thornton in NASHVILLE zone.
0:35 of 3rd period - Off-side.
0:36 of 3rd period - Joe Thornton wins face-off versus Jason Dickinson in neutral zone.
0:36 of 3rd period - Patrick Marleau is hit by Jason Dickinson and loses puck.
0:41 of 3rd period - Brian Dumoulin is hit by Martin Necas and loses puck.
0:47 of 3rd period - Patrick Marleau is hit by Nicolas Hague and loses puck.
0:48 of 3rd period - Minor Penalty to Nicolas Hague for Roughing.
0:49 of 3rd period - Sean Monahan wins face-off versus Ryan Donato in NASHVILLE zone.
1:00 of 3rd period - Shot by Nate Schmidt.
1:00 of 3rd period - Shot Blocked by Morgan Rielly.
1:42 of 3rd period - Shot by Shayne Gostisbehere.
1:42 of 3rd period - Shot Misses the Net.
2:21 of 3rd period - Shot by Dante Fabbro.
2:21 of 3rd period - Shot Blocked by Brian Dumoulin.
2:39 of 3rd period - Shot by Nate Schmidt.
2:39 of 3rd period - Stopped by Henrik Lundqvist without a rebound.
2:40 of 3rd period - Joe Thornton wins face-off versus Jared McCann in NASHVILLE zone.
2:45 of 3rd period - Shot by Joe Thornton.
2:45 of 3rd period - Shot Misses the Net.
2:47 of 3rd period - Shot by Radim Simek.
2:47 of 3rd period - Shot Blocked by Morgan Rielly.
3:07 of 3rd period - Shot by Jason Dickinson.
3:07 of 3rd period - Shot Blocked by Markus Granlund.
3:11 of 3rd period - Shot by Bobby Ryan.
3:11 of 3rd period - Stopped by Jimmy Howard with a rebound.
3:13 of 3rd period - Shot by Morgan Rielly.
3:13 of 3rd period - Shot Misses the Net.
3:26 of 3rd period - Minor Penalty to Marc Staal for Holding.
3:27 of 3rd period - Adam Lowry wins face-off versus J.T. Compher in FLORIDA zone.
3:42 of 3rd period - Adam Lowry is hit by Jimmy Vesey and loses puck.
3:49 of 3rd period - Shot by Morgan Rielly.
3:49 of 3rd period - Shot Blocked by Adam Lowry.
5:15 of 3rd period - Shot by Morgan Rielly.
5:15 of 3rd period - Stopped by Jimmy Howard without a rebound.
5:16 of 3rd period - Joe Thornton wins face-off versus J.T. Compher in FLORIDA zone.
5:30 of 3rd period - Off-side.
5:31 of 3rd period - Nolan Patrick wins face-off versus Ryan Donato in neutral zone.
5:34 of 3rd period - Shot by Jeremy Lauzon.
5:34 of 3rd period - Stopped by Jimmy Howard without a rebound.
5:35 of 3rd period - Ryan Donato wins face-off versus Nolan Patrick in FLORIDA zone.
5:40 of 3rd period - Shot by Joakim Nordstrom.
5:40 of 3rd period - Deflect By Micheal Ferland.
5:40 of 3rd period - Shot Misses the Net.
5:42 of 3rd period - Shot by Radim Simek.
5:42 of 3rd period - Shot Misses the Net.
5:44 of 3rd period - Shot by Ryan Donato.
5:44 of 3rd period - Shot Misses the Net.
5:46 of 3rd period - Shot by Joakim Nordstrom.
5:46 of 3rd period - Stopped by Henrik Lundqvist without a rebound.
5:47 of 3rd period - Alex Chiasson wins face-off versus Drake Batherson in NASHVILLE zone.
6:40 of 3rd period - Shot by Jared McCann.
6:40 of 3rd period - Shot Blocked by Shayne Gostisbehere.
6:42 of 3rd period - Shot by Andrew Peeke.
6:42 of 3rd period - Stopped by Jimmy Howard without a rebound.
6:43 of 3rd period - Joe Thornton wins face-off versus Tage Thompson in FLORIDA zone.
6:51 of 3rd period - Minor Penalty to Nicolas Hague for Tripping.
6:51 of 3rd period - Minor Penalty to Joe Thornton for Holding.
6:52 of 3rd period - Ryan Donato wins face-off versus Sean Monahan in NASHVILLE zone.
6:59 of 3rd period - Shot by Ryan Donato.
6:59 of 3rd period - Shot Misses the Net.
7:28 of 3rd period - Icing by Jeremy Lauzon.
7:29 of 3rd period - Sean Monahan wins face-off versus Ryan Donato in NASHVILLE zone.
7:29 of 3rd period - Sean Monahan is hit by Martin Necas.
7:51 of 3rd period - Shot by Jared McCann.
7:51 of 3rd period - Stopped by Jimmy Howard without a rebound.
7:52 of 3rd period - Sean Monahan wins face-off versus Drake Batherson in FLORIDA zone.
7:55 of 3rd period - Shot by Sean Monahan.
7:55 of 3rd period - Shot Misses the Net.
8:07 of 3rd period - Shot by Drake Batherson.
8:07 of 3rd period - Stopped by Henrik Lundqvist without a rebound.
8:08 of 3rd period - Ryan Donato wins face-off versus Jared McCann in NASHVILLE zone.
9:14 of 3rd period - Shot by Jason Dickinson.
9:14 of 3rd period - Shot Misses the Net.
9:17 of 3rd period - Icing by Nate Schmidt.
9:18 of 3rd period - Nolan Patrick wins face-off versus Adam Lowry in FLORIDA zone.
9:35 of 3rd period - Shot by Marc Staal.
9:35 of 3rd period - Stopped by Henrik Lundqvist without a rebound.
9:36 of 3rd period - Drake Batherson wins face-off versus Alex Chiasson in NASHVILLE zone.
9:47 of 3rd period - Shot by Brett Ritchie.
9:47 of 3rd period - Shot Blocked by Nicolas Hague.
9:49 of 3rd period - Shot by Drake Batherson.
9:49 of 3rd period - Shot Blocked by Brian Dumoulin.
10:14 of 3rd period - Shot by Markus Granlund.
10:14 of 3rd period - Deflect By Brett Ritchie.
10:14 of 3rd period - Shot Misses the Net.
11:18 of 3rd period - Icing by Nate Schmidt.
11:19 of 3rd period - Jason Dickinson wins face-off versus Adam Lowry in FLORIDA zone.
11:29 of 3rd period - Nate Schmidt is hit by Nolan Patrick and loses puck.
11:33 of 3rd period - Off-side.
11:34 of 3rd period - Jason Dickinson wins face-off versus Ryan Donato in neutral zone.
12:02 of 3rd period - Shot by Ryan Donato.
12:02 of 3rd period - Deflect By Joakim Nordstrom.
12:02 of 3rd period - Stopped by Henrik Lundqvist without a rebound.
12:03 of 3rd period - J.T. Compher wins face-off versus Alex Galchenyuk in NASHVILLE zone.
12:14 of 3rd period - Alex Chiasson is hit by Marc Staal and loses puck.
12:23 of 3rd period - Shot by Alex Chiasson.
12:23 of 3rd period - Stopped by Jimmy Howard with a rebound.
12:25 of 3rd period - Shot by J.T. Compher.
12:25 of 3rd period - Stopped by Jimmy Howard without a rebound.
12:26 of 3rd period - Sean Monahan wins face-off versus Joe Thornton in FLORIDA zone.
12:36 of 3rd period - Shot by Martin Necas.
12:36 of 3rd period - Stopped by Henrik Lundqvist with a rebound.
12:38 of 3rd period - Shot by Dante Fabbro.
12:38 of 3rd period - Shot Blocked by Jeremy Lauzon.
12:40 of 3rd period - Shot by Shayne Gostisbehere.
12:40 of 3rd period - Shot Misses the Net.
12:42 of 3rd period - Shot by Patrick Marleau.
12:42 of 3rd period - Stopped by Henrik Lundqvist with a rebound.
13:26 of 3rd period - Off-side.
13:27 of 3rd period - Jason Dickinson wins face-off versus Ryan Donato in neutral zone.
13:43 of 3rd period - Shot by Micheal Ferland.
13:43 of 3rd period - Stopped by Henrik Lundqvist without a rebound.
13:44 of 3rd period - J.T. Compher wins face-off versus Adam Lowry in NASHVILLE zone.
14:13 of 3rd period - J.T. Compher is hit by Craig Smith and loses puck.
15:32 of 3rd period - Minor Penalty to Paul Byron for Holding.
15:33 of 3rd period - Ryan Donato wins face-off versus Sean Monahan in NASHVILLE zone.
15:38 of 3rd period - Shot by Dante Fabbro.
15:38 of 3rd period - Deflect By Patrick Marleau.
15:38 of 3rd period - Shot Blocked by Brian Dumoulin.
15:40 of 3rd period - Shot by Ryan Donato.
15:40 of 3rd period - Shot Blocked by Brian Dumoulin.
15:42 of 3rd period - Shot by Ryan Donato.
15:42 of 3rd period - Stopped by Henrik Lundqvist with a rebound.
15:44 of 3rd period - Shot by Nate Schmidt.
15:44 of 3rd period - Stopped by Henrik Lundqvist without a rebound.
15:45 of 3rd period - Ryan Donato wins face-off versus Sean Monahan in NASHVILLE zone.
15:48 of 3rd period - Shot by Martin Necas.
15:48 of 3rd period - Deflect By Ryan Donato.
15:48 of 3rd period - Shot Misses the Net.
17:49 of 3rd period - Icing by Andrew Peeke.
17:50 of 3rd period - J.T. Compher wins face-off versus Ryan Donato in NASHVILLE zone.
17:50 of 3rd period - J.T. Compher is hit by Ryan Donato.
18:40 of 3rd period - Shot by Sean Monahan.
18:40 of 3rd period - Stopped by Jimmy Howard without a rebound.
18:41 of 3rd period - Joe Thornton wins face-off versus Jason Dickinson in FLORIDA zone.
18:45 of 3rd period - Icing by Nate Schmidt.
18:46 of 3rd period - Jason Dickinson wins face-off versus Joe Thornton in FLORIDA zone.
19:34 of 3rd period - Marc Staal is hit by Jared McCann and loses puck.
19:55 of 3rd period - Shot by Jared McCann.
19:55 of 3rd period - Deflect By Sean Monahan.
19:55 of 3rd period - Shot Misses the Net.
Goals for this period are 0 for FLORIDA vs 0 for NASHVILLE.
Shots for this period are 11 for FLORIDA vs 8 for NASHVILLE.